[Event "*** Titled Tuesday Blitz"]
[Site "Chess.com"]
[Date "2020.12.29"]
[Round "7"]
[White "Oleksandr_Bortnyk"]
[Black "Iball95"]
[Result "1-0"]
[WhiteElo "2917"]
[BlackElo "2614"]
[TimeControl "180+1"]
[EndTime "11:12:30 PST"]
[Termination "Oleksandr_Bortnyk won by resignation"]

1. g4 e5 2. Bg2 Nc6 3. c4 Bc5 4. e3 a6 5. Nc3 d6 6. h4 h5 7. g5 Bg4 8. Qc2 Nge7 9. a3 Ba7 10.
b4 Qd7 11. Bb2 O-O 12. Be4 Rfe8 13. Nge2 Bf5 14. Ng3 Bxe4 15. Ncxe4 Rad8 16. Nxh5 Qf5 17. O-O-O d5 18. cxd5 Rxd5 19. Nef6+ gxf6 20. Nxf6+ Kf8 21. Qxf5 Nxf5 22. Nxd5 1-0

[Event "*** Titled Tuesday Blitz"]
[Site "Chess.com"]
[Date "2020.12.29"]
[Round "7"]
[White "Nara_Kh"]
[Black "TheKingDoctor"]
[Result "1-0"]
[WhiteElo "2355"]
[BlackElo "2210"]
[TimeControl "180+1"]
[EndTime "11:12:34 PST"]
[Termination "Nara_Kh won by resignation"]

1. e4 d5 2. exd5 Nf6 3. d4 Bg4 4. f3 Bf5 5. c4 Nbd7 6. Nc3 e6 7.
dxe6 Bxe6 8. Bd3 Bb4 9. Ne2 O-O 10. O-O Re8 11. d5 Bxc3 12. Nxc3 Nc5 13. Bc2 Bc8 14. b4 Na6 15. a3 h6 16. Bb2 c5 17.
dxc6 Nc5 18. bxc5 1-0

[Event "*** Titled Tuesday Blitz"]
[Site "Chess.com"]
[Date "2020.12.29"]
[Round "7"]
[White "Dinamo81"]
[Black "drragnar1"]
[Result "1-0"]
[WhiteElo "2667"]
[BlackElo "2443"]
[TimeControl "180+1"]
[EndTime "11:13:04 PST"]
[Termination "Dinamo81 won by resignation"]

1. d4 Nf6 2. Bf4 c5 3. e3 cxd4 4.
exd4 d5 5. Nc3 Nc6 6. Nb5 e5 7. dxe5 Ne4 8. Qxd5 Qa5+ 9. c3 Nc5 10. b4 Nxb4 11.
cxb4 Qxb4+ 12. Bd2 1-0

[Event "*** Titled Tuesday Blitz"]
[Site "Chess.com"]
[Date "2020.12.29"]
[Round "7"]
[White "Titus369"]
[Black "javirec"]
[Result "1-0"]
[WhiteElo "2539"]
[BlackElo "2384"]
[TimeControl "180+1"]
[EndTime "11:13:05 PST"]
[Termination "Titus369 won by resignation"]

1. e4 e5 2. Nf3 Nc6 3. Bb5 a6 4. Ba4 Nf6 5. O-O Be7 6. d3 b5 7.
Bb3 d6 8. a3 O-O 9. Nc3 Be6 10.
Nd5 Re8 11. h3 Nd7 12. c3 Nc5 13. Ba2 Bf8 14. Re1 Ne7 15. d4 Nd7 16. Nxe7+ Qxe7 17. d5 Nc5 18. dxe6 fxe6 19. Be3 Nb7 20. Ng5 Nd8 21. f4 exf4 22. Bxf4 h6 23. Nf3 g6 24. Qd2 Kh7 25.
e5 d5 26. Rad1 Bg7 27. Bb1 Nf7 28. Qd3 Nh8 29. g3 c5 30. Nh4 Qf7 31. Rf1 c4 32. Qc2 Re7 33. Bxh6 Bxh6 34. Rxf7+ Rxf7 35. Nxg6 Be3+ 36.
Kg2 Rf2+ 37. Qxf2 Bxf2 38. Nxh8+ Kxh8 39. Kxf2 d4 40. Rxd4 1-0

[Event "*** Titled Tuesday Blitz"]
[Site "Chess.com"]
[Date "2020.12.29"]
[Round "7"]
[White "juancruzarias"]
[Black "Harsha_Bharathakoti"]
[Result "1-0"]
[WhiteElo "2564"]
[BlackElo "2814"]
[TimeControl "180+1"]
[EndTime "11:13:10 PST"]
[Termination "juancruzarias won by resignation"]

1. e4 c6 2. Nc3 d5 3. Nf3 Bg4 4. h3 Bxf3 5. Qxf3 e6 6. d3 Nd7 7. g3 Bc5 8. Bg2 Ne7 9. O-O O-O 10. Qe2 a5 11. a4 Re8 12. Kh1 Bd4 13. f4 dxe4 14.
dxe4 e5 15. f5 Nf6 16. g4 h6 17. h4 Nh7 18. g5 hxg5 19. hxg5 Kf8 20. Qh5 Kg8 21.
g6 Nf6 1-0

[Event "*** Titled Tuesday Blitz"]
[Site "Chess.com"]
[Date "2020.12.29"]
[Round "7"]
[White "GM_Crest"]
[Black "andriipalchuk"]
[Result "1-0"]
[WhiteElo "2692"]
[BlackElo "2495"]
[TimeControl "180+1"]
[EndTime "11:13:11 PST"]
[Termination "GM_Crest won by resignation"]

1. d4 Nf6 2. c4 c5 3. d5 b5 4. cxb5 a6 5. e3 g6 6. Nc3 Bg7 7. a4 O-O 8. Nf3 d6 9. e4 axb5 10. Bxb5 Ba6 11. Bg5 Nbd7 12. O-O Qb6 13. Qe2 Rfb8 14.
h3 Kf8 15. e5 dxe5 16. Nxe5 Nxe5 17. Qxe5 Qd6 18. Qe3 Rd8 19. Rad1 Bb7 20. Rfe1 Bxd5 21.
Bxf6 1-0

[Event "*** Titled Tuesday Blitz"]
[Site "Chess.com"]
[Date "2020.12.29"]
[Round "7"]
[White "TheCairnTerrier"]
[Black "vova-79"]
[Result "0-1"]
[WhiteElo "2084"]
[BlackElo "2531"]
[TimeControl "180+1"]
[EndTime "11:13:11 PST"]
[Termination "vova-79 won by resignation"]

1. e4 d5 2. exd5 Qxd5 3. d4 Nf6 4. Nc3 Qd6 5. h3 g6 6. Nf3 Bg7 7. Bc4 O-O 8. O-O a6 9. Re1 b5 10. Bb3 Bb7 11. Qe2 e6 12. Bg5 Nbd7 13. Rad1 h6 14. Bxf6 Nxf6 15. Ne5 Rfe8 16. Nxf7 Kxf7 17. Bxe6+ Rxe6 18.
Qd3 Rxe1+ 19. Rxe1 Re8 20. Rxe8 Nxe8 21. d5 Nf6 0-1

[Event "*** Titled Tuesday Blitz"]
[Site "Chess.com"]
[Date "2020.12.29"]
[Round "7"]
[White "Skat2704"]
[Black "m_ezat"]
[Result "0-1"]
[WhiteElo "2378"]
[BlackElo "2535"]
[TimeControl "180+1"]
[EndTime "11:13:15 PST"]
[Termination "m_ezat won by resignation"]

1. d4 Nf6 2. c4 g6 3. Nc3 Bg7 4. e4 d6 5. Nf3 O-O 6. Be2 e5 7. dxe5 dxe5 8. Qxd8 Rxd8 9. Bg5 Na6 10. O-O c6 11.
Nxe5 Re8 12. f4 h6 13. Bh4 Nc5 14. Bf3 g5 15. fxg5 hxg5 16. Bg3 g4 17. Be2 Nfxe4 18. Nxe4 Nxe4 19. Nxf7 Nxg3 20. hxg3 Rxe2 21. Nd6 Be6 22. Nxb7 Bd4+ 23. Kh2 Kg7 0-1

[Event "*** Titled Tuesday Blitz"]
[Site "Chess.com"]
[Date "2020.12.29"]
[Round "7"]
[White "StellarChessPro"]
[Black "Vusatiuk_Vladimir"]
[Result "1-0"]
[WhiteElo "2495"]
[BlackElo "2307"]
[TimeControl "180+1"]
[EndTime "11:13:16 PST"]
[Termination "StellarChessPro won by resignation"]

1. d4 Nf6 2. Bg5 Ne4 3. Bf4 d5 4. f3 Nf6 5. e4 dxe4 6. Nc3 Bf5 7. g4 Bg6 8. fxe4 Nxe4 9. Bg2 Nxc3 10. bxc3 c6 11. Rb1 Qc8 12. Nf3 h5 13. Ne5 Bh7 14. gxh5 Bf5 15. O-O e6 16. Bg3 Nd7 17. Qe2 Nxe5 18.
Bxe5 Qd7 19. c4 O-O-O 20. d5 exd5 21. cxd5 Bc5+ 22. Kh1 Bg4 23. Qc4 Qe7 24. Qxg4+ Rd7 25.
dxc6 Qxe5 26. Qxd7+ 1-0

[Event "*** Titled Tuesday Blitz"]
[Site "Chess.com"]
[Date "2020.12.29"]
[Round "7"]
[White "MikeSailer"]
[Black "davidkalashian"]
[Result "0-1"]
[WhiteElo "2159"]
[BlackElo "2571"]
[TimeControl "180+1"]
[EndTime "11:13:21 PST"]
[Termination "davidkalashian won on time"]

1. d4 Nf6 2. Nf3 e6 3. Bf4 b6 4. e3 Bb7 5. Be2 Be7 6. h3 O-O 7. c4 c5 8. Nc3 cxd4 9. exd4 d5 10. O-O Nbd7 0-1

[Event "*** Titled Tuesday Blitz"]
[Site "Chess.com"]
[Date "2020.12.29"]
[Round "7"]
[White "DavidEgglestonIM"]
[Black "JoachimMouhamad"]
[Result "0-1"]
[WhiteElo "2489"]
[BlackElo "2383"]
[TimeControl "180+1"]
[EndTime "11:13:25 PST"]
[Termination "JoachimMouhamad won by resignation"]

1. e3 e5 2. d4 exd4 3. exd4 d5 4. Nf3 Bd6 5. c3 Ne7 6. Be2 O-O 7. O-O c6 8. Bg5 f6 9. Bh4 Bf5 10. Bg3 Bxg3 11.
hxg3 Nd7 12. Re1 g5 13. Nbd2 Qe8 14. Nf1 Qg6 15. Ba6 bxa6 16. Rxe7 Rfe8 17. Qe2 Bd3 18. Qe6+ Kf8 19. Qxd7 Rxe7 20. Qxc6 Rd8 21. Ne3 Be4 22. Qb6 axb6 0-1

[Event "*** Titled Tuesday Blitz"]
[Site "Chess.com"]
[Date "2020.12.29"]
[Round "7"]
[White "vlad_Sid"]
[Black "Gabrielian_Artur"]
[Result "1-0"]
[WhiteElo "2589"]
[BlackElo "2769"]
[TimeControl "180+1"]
[EndTime "11:13:26 PST"]
[Termination "vlad_Sid won by resignation"]

1. c4 Nf6 2. g3 g6 3. Bg2 Bg7 4. Nc3 O-O 5. d3 d6 6. Nf3 e5 7.
O-O Nc6 8. Rb1 a5 9. a3 Nd4 10. b4 axb4 11. axb4 Re8 12. Nxd4 exd4 13. Nd5 Nxd5 14.
cxd5 Bg4 15. Re1 Qe7 16. Bf4 Ra2 17. Bf3 Qd7 18. Qb3 Rexe2 19. Bxg4 Qxg4 20. Qxa2 Rxa2 21. Re8+ Bf8 22. Bh6 1-0

[Event "*** Titled Tuesday Blitz"]
[Site "Chess.com"]
[Date "2020.12.29"]
[Round "7"]
[White "tjychess"]
[Black "mishanick"]
[Result "1-0"]
[WhiteElo "2743"]
[BlackElo "2965"]
[TimeControl "180+1"]
[EndTime "11:13:35 PST"]
[Termination "tjychess won by resignation"]

1. d4 Nf6 2. c4 e6 3. Nf3 d5 4. Nc3 c5 5. cxd5 Nxd5 6. e4 Nxc3 7. bxc3 cxd4 8. cxd4 Bb4+ 9. Bd2 Bxd2+ 10. Qxd2 O-O 11.
Bc4 b6 12. O-O Bb7 13. Rfe1 Nd7 14. Rad1 Nf6 15. Qf4 Rc8 16. Bb3 Rc3 17. h3 Qc7 18.
Qxc7 Rxc7 19. d5 exd5 20. exd5 Rd7 21. Ne5 Rd6 22. Nc6 Bxc6 23. dxc6 Rxc6 24. Re7 a6 25. Rxf7 1-0

[Event "*** Titled Tuesday Blitz"]
[Site "Chess.com"]
[Date "2020.12.29"]
[Round "7"]
[White "FGHSMN"]
[Black "guillembaches"]
[Result "1-0"]
[WhiteElo "2646"]
[BlackElo "2466"]
[TimeControl "180+1"]
[EndTime "11:13:36 PST"]
[Termination "FGHSMN won by resignation"]

1. e4 c5 2. Nf3 d6 3. d4 cxd4 4. Nxd4 Nf6 5. Nc3 Nc6 6. Be2 e5 7. Nf3 Be7 8. Bg5 Be6 9. Bxf6 Bxf6 10. O-O O-O 11. Nd5 Bxd5 12. Qxd5 Nd4 13. Nxd4 exd4 14.
Bd3 Qb6 15. Rab1 Qc6 16. Qf5 Qc5 17. e5 1-0

[Event "*** Titled Tuesday Blitz"]
[Site "Chess.com"]
[Date "2020.12.29"]
[Round "7"]
[White "Alomaterapia"]
[Black "dretch"]
[Result "0-1"]
[WhiteElo "2521"]
[BlackElo "2848"]
[TimeControl "180+1"]
[EndTime "11:13:44 PST"]
[Termination "dretch won by resignation"]

1. e4 e6 2. d4 d5 3. e5 c5 4. c3 Nc6 5. Nf3 Bd7 6. Be2 Qb6 7.
O-O Nge7 8. dxc5 Qxc5 9. Be3 Qa5 10.
b4 Qc7 11. Na3 a6 12. b5 Nxe5 13. bxa6 Nxf3+ 14. Bxf3 Rxa6 15. Nc2 Nf5 16. Re1 Bd6 17. Bxd5 Bxh2+ 18. Kh1 Rd6 19. c4 O-O 20. Qh5 Be5 21. Be4 g6 22. Qe2 Nxe3 23. Nxe3 Bxa1 24. Rxa1 Rd4 25.
Bf3 Rh4+ 0-1

[Event "*** Titled Tuesday Blitz"]
[Site "Chess.com"]
[Date "2020.12.29"]
[Round "7"]
[White "XiaoKangZhong"]
[Black "DarZay"]
[Result "1-0"]
[WhiteElo "2400"]
[BlackElo "2096"]
[TimeControl "180+1"]
[EndTime "11:13:50 PST"]
[Termination "XiaoKangZhong won by resignation"]

1. e4 c5 2. c3 d6 3. d4 cxd4 4. cxd4 Nf6 5. Nc3 e6 6. Nf3 Nc6 7. Bb5 Bd7 8. O-O a6 9. Ba4 b5 10. Bc2 Be7 11. a3 O-O 12. d5 Ne5 13. Nxe5 dxe5 14.
d6 Bc6 15. dxe7 Qxe7 16. Qe2 Rad8 17. Be3 Qb7 18. f3 a5 19. b4 a4 20. Rfd1 Nd7 21.
Rd6 Nb6 22. Rxd8 Rxd8 23. Bd3 Rc8 24. Bc5 Nd7 25. Bxb5 Bxb5 26. Qxb5 Qxb5 27. Nxb5 Nxc5 28. Rc1 Kf8 29. Rxc5 Rd8 30. Kf2 Rd3 31. Kg3 Ke7 32.
Rc7+ Kf6 33. Ra7 h5 34. Rxa4 g5 35. h3 h4+ 36. Kh2 Kg6 37. Ra6 Kh5 38. a4 f5 39.
Rxe6 g4 40. fxg4+ fxg4 41. Rxe5+ Kg6 42. hxg4 Rb3 43. a5 Rxb4 44. a6 Ra4 45. a7 1-0

[Event "*** Titled Tuesday Blitz"]
[Site "Chess.com"]
[Date "2020.12.29"]
[Round "7"]
[White "MoreChessJulia"]
[Black "Itk04"]
[Result "0-1"]
[WhiteElo "2108"]
[BlackElo "2455"]
[TimeControl "180+1"]
[EndTime "11:13:51 PST"]
[Termination "Itk04 won by resignation"]

1. d4 Nf6 2. Nc3 d5 3. Bg5 e6 4. f4 Bb4 5. e3 Nbd7 6. Bd3 h6 7.
Bxf6 Nxf6 8. Nf3 c5 9. Bb5+ Bd7 10. Be2 Ne4 11. O-O Bxc3 12. bxc3 Nxc3 13. Qd2 cxd4 14.
Nxd4 Rc8 15. Bd3 O-O 16. Rf3 f5 17. h3 Qf6 18. Kh2 e5 19. fxe5 Qxe5+ 20. g3 Ne4 21. Qg2 h5 22. Raf1 h4 23. Ne2 Rf6 24.
Kh1 Rg6 25. g4 fxg4 26. Bxe4 Qxe4 27. hxg4 Rxg4 28. Qh2 Rf8 29. Nf4 Rg3 30. Qxh4 Rxf3 0-1

[Event "*** Titled Tuesday Blitz"]
[Site "Chess.com"]
[Date "2020.12.29"]
[Round "7"]
[White "rychessmaster1"]
[Black "Godzillator"]
[Result "1-0"]
[WhiteElo "2572"]
[BlackElo "2339"]
[TimeControl "180+1"]
[EndTime "11:13:57 PST"]
[Termination "rychessmaster1 won on time"]

1. d4 d5 2. Nc3 c6 3. Bf4 Nf6 4. e3 Bg4 5. f3 Bh5 6. g4 Bg6 7.
h4 h5 8. g5 Nfd7 9. Bd3 Bxd3 10.
cxd3 g6 11. Nge2 Bg7 12. Kf2 e5 13. dxe5 Nxe5 14. d4 Nc4 15. b3 Nd6 16. Qd3 Nf5 17.
Ng3 Nxg3 18. Bxg3 1-0

[Event "*** Titled Tuesday Blitz"]
[Site "Chess.com"]
[Date "2020.12.29"]
[Round "7"]
[White "esteban062000"]
[Black "SanchezKelvin"]
[Result "0-1"]
[WhiteElo "2187"]
[BlackElo "2432"]
[TimeControl "180+1"]
[EndTime "11:13:58 PST"]
[Termination "SanchezKelvin won by resignation"]

1. Nf3 Nf6 2. c4 d6 3. d4 g6 4. Nc3 Bg7 5. e4 O-O 6. Bd3 Nc6 7. Be3 e5 8. d5 Ne7 9. Qd2 Nh5 10. Bh6 f5 11.
Bxg7 Kxg7 12. O-O-O Nf4 13. Bb1 fxe4 14. Nxe4 Nf5 15.
g3 Nh3 16. g4 Nh6 17. Qe3 Nxg4 18. Qe2 Nf6 19. Nfg5 Nxe4 20. Nxe4 Nf4 21. Qd2 Qh4 22. Rdg1 Bf5 23. Rg3 Nh5 24. Rg5 Bxe4 25. Bxe4 Qxe4 26. Rhg1 Nf4 0-1

[Event "*** Titled Tuesday Blitz"]
[Site "Chess.com"]
[Date "2020.12.29"]
[Round "7"]
[White "Cambek64"]
[Black "DryCounty"]
[Result "0-1"]
[WhiteElo "2332"]
[BlackElo "2631"]
[TimeControl "180+1"]
[EndTime "11:14:01 PST"]
[Termination "DryCounty won by resignation"]

1. d4 Nf6 2. c3 g6 3. Bg5 Bg7 4. Nd2 O-O 5. h3 d6 6. e4 Nc6 7. Ngf3 e5 8. dxe5 dxe5 9. Qc2 Qe7 10. Be2 h6 11. Bh4 a6 12. O-O g5 13. Bg3 Nh5 14. Bh2 Nf4 15. Rfe1 b5 16. Nf1 f5 17. Bxf4 gxf4 18.
exf5 e4 19. Bd3 exd3 20. Rxe7 dxc2 21. Rxc7 Na5 22. Rc1 Bxf5 23. Nd4 Bxd4 24. cxd4 Rac8 25. Rc5 Rxc5 26. dxc5 Nc6 27. g4 Nd4 28. gxf5 Ne2+ 29.
Kg2 Nxc1 0-1

[Event "*** Titled Tuesday Blitz"]
[Site "Chess.com"]
[Date "2020.12.29"]
[Round "7"]
[White "brunomorado"]
[Black "paulrusan"]
[Result "0-1"]
[WhiteElo "2405"]
[BlackElo "2258"]
[TimeControl "180+1"]
[EndTime "11:14:06 PST"]
[Termination "paulrusan won by resignation"]

1. d4 Nf6 2. Nc3 d5 3. Bg5 e6 4. e4 dxe4 5. Nxe4 Be7 6. Bxf6 gxf6 7. Ne2 f5 8. N4c3 c5 9. g3 cxd4 10. Qxd4 Qxd4 11. Nxd4 a6 12. Bg2 Bf6 13. O-O-O Ra7 14. Rhe1 Kf8 15. f4 b5 16. Nf3 Bd7 17. Ne5 Be8 18.
Rd6 b4 19. Rb6 bxc3 20. Rxb8 cxb2+ 21. Kxb2 Kg7 22. c4 Rc7 23. Kb3 Ba4+ 24. Kxa4 Rxb8 25.
Rc1 Bxe5 26. fxe5 Rc5 0-1

[Event "*** Titled Tuesday Blitz"]
[Site "Chess.com"]
[Date "2020.12.29"]
[Round "7"]
[White "KetiGrant"]
[Black "Blitzking642"]
[Result "1/2-1/2"]
[WhiteElo "2434"]
[BlackElo "2301"]
[TimeControl "180+1"]
[EndTime "11:14:13 PST"]
[Termination "Game drawn by repetition"]

1. e4 c5 2. Nf3 Nc6 3. d4 cxd4 4. Nxd4 g6 5. c4 Nf6 6. Nc3 d6 7. Be2 Nxd4 8. Qxd4 Bg7 9. Be3 O-O 10. Qd2 a5 11.
O-O a4 12. f3 Qa5 13. Rab1 Qb4 14. Rfc1 Be6 15. Nd5 Qxd2 16. Nxe7+ Kh8 17. Bxd2 Rfe8 18. Nd5 Nxd5 19. cxd5 Bxd5 20. Bb5 Re5 21. Bc3 Bxa2 22. Bxe5 Bxe5 23. Ra1 Bb3 24. Rab1 Ba2 25. Ra1 Bb3 26.
Rab1 Ba2 1/2-1/2

[Event "*** Titled Tuesday Blitz"]
[Site "Chess.com"]
[Date "2020.12.29"]
[Round "7"]
[White "Trickov"]
[Black "Mikhail_Golubev"]
[Result "0-1"]
[WhiteElo "2330"]
[BlackElo "2503"]
[TimeControl "180+1"]
[EndTime "11:14:20 PST"]
[Termination "Mikhail_Golubev won by resignation"]

1. d4 Nf6 2. Nf3 d6 3. g3 g6 4. Bg2 Bg7 5. c4 O-O 6. Nc3 Nbd7 7. O-O e5 8. Qc2 exd4 9. Nxd4 Nb6 10. b3 c5 11.
Ndb5 a6 12. Na3 Bf5 13. e4 Nxe4 14. Bxe4 Bxe4 15. Qxe4 Bxc3 16. Rb1 Re8 17. Qd3 Qf6 18.
Bf4 Rad8 19. Rfd1 Be5 20. Be3 d5 21. Bxc5 dxc4 22. Qxc4 Nxc4 0-1

[Event "*** Titled Tuesday Blitz"]
[Site "Chess.com"]
[Date "2020.12.29"]
[Round "7"]
[White "FMOlexandrProhorov"]
[Black "j2806"]
[Result "1-0"]
[WhiteElo "2153"]
[BlackElo "1982"]
[TimeControl "180+1"]
[EndTime "11:14:23 PST"]
[Termination "FMOlexandrProhorov won by resignation"]

1. e4 c5 2. c3 d5 3. exd5 Qxd5 4. d4 Nc6 5. Nf3 Nf6 6. Be2 Bg4 7. Be3 cxd4 8.
cxd4 e6 9. Nc3 Qd8 10. O-O Be7 11. h3 Bh5 12. a3 O-O 13. Qd2 a6 14. Rac1 Rc8 15.
Rfd1 h6 16. b4 b5 17. Qa2 Nd5 18. Ne4 Nxe3 19. fxe3 Bg6 20. Nc5 Bxc5 21. Rxc5 Qb6 22. Rdc1 Na7 23. Ne5 Rfd8 24. Nxg6 fxg6 25. Bg4 Re8 26.
Rxc8 Nxc8 27. Rxc8 Rxc8 28. Bxe6+ 1-0

[Event "*** Titled Tuesday Blitz"]
[Site "Chess.com"]
[Date "2020.12.29"]
[Round "7"]
[White "klimkoj"]
[Black "Semen_Khanin"]
[Result "0-1"]
[WhiteElo "2580"]
[BlackElo "2791"]
[TimeControl "180+1"]
[EndTime "11:14:47 PST"]
[Termination "Semen_Khanin won by resignation"]

1. e4 c5 2. Nf3 d6 3. d4 cxd4 4.
Nxd4 Nf6 5. Nc3 a6 6. Be3 e5 7.
Nb3 Be6 8. f4 Ng4 9. Bd2 exf4 10.
Bxf4 Nc6 11. Qd2 Be7 12. O-O-O O-O 13. Nd5 Nge5 14. h3 Rc8 15. g4 Bh4 16. Kb1 b5 17. Bg2 Nc4 18. Qc1 a5 19. Nd4 Nxd4 20. Rxd4 b4 21.
g5 a4 22. Qf1 Bxd5 23. exd5 Qc7 24. Be4 Rfe8 25. Bc1 Rxe4 26. Rxe4 Na3+ 27. bxa3 Qxc2+ 28. Ka1 Qxe4 29. Qf4 Qxh1 0-1

[Event "*** Titled Tuesday Blitz"]
[Site "Chess.com"]
[Date "2020.12.29"]
[Round "7"]
[White "TomasKapitanchuk"]
[Black "elextranjero00"]
[Result "1-0"]
[WhiteElo "2461"]
[BlackElo "2595"]
[TimeControl "180+1"]
[EndTime "11:14:47 PST"]
[Termination "TomasKapitanchuk won by resignation"]

1. e4 c5 2. Nf3 e6 3. d4 cxd4 4.
Nxd4 a6 5. c4 Nf6 6. Nc3 Qc7 7.
a3 b6 8. Be2 Bb7 9. f3 d6 10.
Be3 Be7 11. Qd2 O-O 12. O-O Nbd7 13. Rac1 Rac8 14. Rfd1 Ne5 15. b4 Nfd7 16. f4 Ng6 17. f5 exf5 18. Nd5 Qd8 19. exf5 Nge5 20. Nb3 Re8 21.
Re1 Bxd5 22. cxd5 b5 23. Na5 Bf6 24. a4 Rxc1 25. Rxc1 bxa4 26. Bxa6 Ng4 27. Rc8 Qe7 28. Nc6 Qe4 29. Bd3 1-0

[Event "*** Titled Tuesday Blitz"]
[Site "Chess.com"]
[Date "2020.12.29"]
[Round "7"]
[White "maheswaran26"]
[Black "WonderChampion"]
[Result "1-0"]
[WhiteElo "2243"]
[BlackElo "2052"]
[TimeControl "180+1"]
[EndTime "11:14:47 PST"]
[Termination "maheswaran26 won by resignation"]

1. d4 d5 2. Nf3 e6 3. c4 c6 4. Qc2 dxc4 5. Qxc4 b5 6. Qd3 Bb7 7.
g3 Nd7 8. Bg2 Ngf6 9. O-O Bd6 10. Be3 O-O 11. Rc1 Rc8 12. Nbd2 Qe7 13. Nb3 Rfd8 14. Nfd2 e5 15. Na5 Ba8 16. Nxc6 Bxc6 17. Rxc6 exd4 18. Rxc8 Rxc8 19. Bxd4 a6 20. Nb3 Be5 21.
Bb7 Rd8 22. Bxa6 Bxd4 23. Nxd4 Nc5 24. Nc6 Qe8 25. Qxd8 Qxd8 26. Nxd8 Nxa6 27. Rc1 g6 28. Nb7 Kg7 29. a3 Nd5 30. b4 Nb6 31. Rc6 1-0

[Event "*** Titled Tuesday Blitz"]
[Site "Chess.com"]
[Date "2020.12.29"]
[Round "7"]
[White "vladimirdamjanovic"]
[Black "platy3"]
[Result "0-1"]
[WhiteElo "2414"]
[BlackElo "2857"]
[TimeControl "180+1"]
[EndTime "11:14:49 PST"]
[Termination "platy3 won by resignation"]

1. d4 Nf6 2. Nc3 d5 3. Bf4 c6 4. e3 Bf5 5. f3 e6 6. g4 Bg6 7. h4 h6 8. Bd3 Bxd3 9. Qxd3 Bd6 10. Nge2 Qe7 11. O-O-O Nbd7 12. Ng3 O-O-O 13. g5 Ne8 14. Bxd6 Nxd6 15. f4 f6 16. e4 hxg5 17. hxg5 fxg5 18. e5 Nc4 19. f5 Qb4 20. Na4 Qxa4 21. Qb3 Qxb3 22. axb3 Ne3 23. fxe6 Nxd1 24. exd7+ Kxd7 25. Rxd1 Rh3 26. Nf5 Rf8 27. Nxg7 Rh7 28. e6+ Ke7 29.
Rh1 Rxh1+ 0-1

[Event "*** Titled Tuesday Blitz"]
[Site "Chess.com"]
[Date "2020.12.29"]
[Round "7"]
[White "area_5"]
[Black "pavel_skatchkov"]
[Result "1-0"]
[WhiteElo "2773"]
[BlackElo "2567"]
[TimeControl "180+1"]
[EndTime "11:14:49 PST"]
[Termination "area_5 won by resignation"]

1. c4 c6 2. d4 d5 3. cxd5 cxd5 4. Nc3 Nf6 5. Bf4 e6 6. Nf3 Bd6 7. Bg3 O-O 8. e3 Ne4 9. Bd3 f5 10. Bxd6 Qxd6 11. Ne5 Nc6 12. f4 Nxe5 13. fxe5 Qb4 14.
Qb3 Qxb3 15. axb3 Bd7 16. b4 a6 17. Ra3 Rac8 18. Rb3 Ba4 19. Ra3 Be8 20. Rf1 g5 21. Rb3 Nxc3 22. bxc3 Bb5 23. Kd2 Bc4 24. Ra3 f4 25. exf4 Rxf4 26. Rxf4 gxf4 27. Ra1 Bxd3 28. Kxd3 Kg7 29. Rf1 Rf8 30. c4 dxc4+ 31. Kxc4 Kg6 32. d5 Kf5 33. Kd4 exd5 34. g3 Ke6 35. Rxf4 Rxf4+ 36. gxf4 b6 37. f5+ Kxf5 38. Kxd5 a5 39. bxa5 bxa5 40.
e6 Kf6 41. Kd6 a4 42. e7 1-0

[Event "*** Titled Tuesday Blitz"]
[Site "Chess.com"]
[Date "2020.12.29"]
[Round "7"]
[White "Aemulus20"]
[Black "Leo_C"]
[Result "1-0"]
[WhiteElo "2604"]
[BlackElo "2371"]
[TimeControl "180+1"]
[EndTime "11:14:49 PST"]
[Termination "Aemulus20 won by resignation"]

1. e4 c6 2. d4 d5 3. Nc3 dxe4 4. Nxe4 Bf5 5. Ng3 Bg6 6. h4 h6 7. Nf3 e6 8. Ne5 Bh7 9. Bc4 Nf6 10. Qe2 Nbd7 11.
Nxf7 Qa5+ 12. c3 e5 13. dxe5 Nd5 14. e6 N7f6 15. Nxh8 O-O-O 16. Nf7 Re8 17. O-O Qc7 18. Qe5 Qxf7 19. Bxd5 cxd5 20. Bf4 1-0

[Event "*** Titled Tuesday Blitz"]
[Site "Chess.com"]
[Date "2020.12.29"]
[Round "7"]
[White "MashaFromRussia"]
[Black "Lion-Al-Messi"]
[Result "0-1"]
[WhiteElo "2404"]
[BlackElo "2544"]
[TimeControl "180+1"]
[EndTime "11:14:49 PST"]
[Termination "Lion-Al-Messi won by resignation"]

1. d4 d5 2. c4 c6 3. Nf3 Nf6 4. Nc3 dxc4 5. g3 b5 6. Bg2 a6 7.
O-O e6 8. e4 Be7 9. e5 Nd5 10.
Ne4 h6 11. h4 Nd7 12. a4 Bb7 13. Qe2 Qb6 14. Nd6+ Bxd6 15. exd6 c5 16. Ne5 cxd4 17.
Nxd7 Kxd7 18. Qh5 g6 19. Qe5 d3 20. Bxd5 Bxd5 21. Bf4 g5 22. Be3 Qxd6 23. Qg7 e5 24.
f4 gxf4 25. gxf4 Rag8 0-1

[Event "*** Titled Tuesday Blitz"]
[Site "Chess.com"]
[Date "2020.12.29"]
[Round "7"]
[White "francyIM"]
[Black "2nd_life"]
[Result "1-0"]
[WhiteElo "2695"]
[BlackElo "2482"]
[TimeControl "180+1"]
[EndTime "11:14:53 PST"]
[Termination "francyIM won by resignation"]

1. f4 b6 2. e4 Bb7 3. d3 e6 4. Nf3 d5 5. Nbd2 c5 6. g3 Nf6 7. Qe2 Nc6 8. e5 Nd7 9. c3 Be7 10. Bg2 Qc7 11. O-O g5 12. Nxg5 Bxg5 13. fxg5 Qxe5 14. Qf2 Qg7 15. Nf3 Nce5 16. Nxe5 Nxe5 17. Rd1 O-O-O 18. d4 Nd7 19. Bf4 Bc6 20. c4 Kb7 21.
Rac1 Rc8 22. cxd5 exd5 23. dxc5 bxc5 24. Rxd5 Rhe8 25. Rxd7+ 1-0

[Event "*** Titled Tuesday Blitz"]
[Site "Chess.com"]
[Date "2020.12.29"]
[Round "7"]
[White "Susal_De_Silva"]
[Black "ChessLover0108"]
[Result "0-1"]
[WhiteElo "2569"]
[BlackElo "2751"]
[TimeControl "180+1"]
[EndTime "11:14:54 PST"]
[Termination "ChessLover0108 won by resignation"]

1. e4 c5 2. Nf3 d6 3. Bb5+ Bd7 4.
Bxd7+ Qxd7 5. c4 Nc6 6. Nc3 Nf6 7. d4 cxd4 8. Nxd4 g6 9. f3 Bg7 10. Be3 O-O 11. O-O Rfc8 12. b3 Qd8 13. Rc1 a6 14.
a4 Nd7 15. Rf2 Nc5 16. Nxc6 bxc6 17. b4 Ne6 18. a5 Rab8 19. Rb2 c5 20. Qa4 cxb4 21.
Rxb4 Nc5 22. Bxc5 dxc5 23. Rxb8 Rxb8 24. Nd5 e6 25. Nb6 Qd2 26. Rd1 Qe2 27. Qb3 Bd4+ 28. Kh1 Rd8 29. Qd3 Qa2 30. Qd2 Qa3 31. Qe1 Kg7 32. h3 Bc3 33. Qe2 Rxd1+ 34. Qxd1 Qxa5 35. Na4 Bd4 0-1

[Event "*** Titled Tuesday Blitz"]
[Site "Chess.com"]
[Date "2020.12.29"]
[Round "7"]
[White "Sjakkerntobi"]
[Black "NeverW84M8"]
[Result "0-1"]
[WhiteElo "2330"]
[BlackElo "2506"]
[TimeControl "180+1"]
[EndTime "11:14:55 PST"]
[Termination "NeverW84M8 won by resignation"]

1. e4 c5 2. Nf3 d6 3. d4 cxd4 4. Qxd4 Nf6 5. Nc3 a6 6. Bg5 Nbd7 7. Qd2 e6 8. O-O-O Qc7 9. Nd4 b5 10. a3 Bb7 11. Bd3 Ne5 12. f4 Nxd3+ 13. Qxd3 Rc8 14. Kb1 Qc4 15. Qe3 Be7 16. f5 e5 17. Bxf6 Bxf6 18.
Nb3 Qc7 19. g4 h6 20. h4 Be7 21. g5 Bc6 22. f6 gxf6 23. gxh6 f5 24. exf5 Bxh1 25.
Rxh1 Bf8 26. Qe4 Rxh6 27. Rd1 Qc6 28. Nd5 Qc4 29. Qe2 Qxe2 0-1